 Dungeon Crawl Stone Soup version 0.28.0-43-g3370ac3207 (webtiles) character file.

Game seed: 16506480124599925244

91 Ablot the Grasshopper (level 4, 0/38 HPs)
             Began as a Gnoll Warper on Feb 28, 2022.
             Slain by an orc priest
             ... wielding a +0 flail
              (4 damage)
             ... on level 3 of the Dungeon.
             The game lasted 00:02:57 (3295 turns).

Ablot the Grasshopper (Gnoll Warper)                Turns: 3295, Time: 00:02:57

Health: 0/38       AC:  3    Str: 13    XL:     4   Next: 59%
Magic:  11/11      EV: 12    Int: 12    God:
Gold:   108        SH:  0    Dex: 11    Spells: 13/13 levels left

rFire   . . .      SeeInvis .   a - +0 spear
rCold   . . .      Faith    .   (no shield)
rNeg    . . .      Spirit   .   b - +0 leather armour
rPois   .          Reflect  .   (no helmet)
rElec   .          Harm     .   (no cloak)
rCorr   .          Rampage  .   (no gloves)
Will    .....                   (no boots)
Stlth   +.........              (no amulet)
HPRegen 0.12/turn               (no ring)
MPRegen 0.12/turn               (no ring)

@: no status effects
A: fangs 1, strong nose, distributed training
a: no special abilities


You were on level 3 of the Dungeon.
You visited 1 branch of the dungeon, and saw 4 of its levels.

You collected 108 gold pieces.

Inventory:

Hand Weapons
 a - a +0 spear (weapon)
 i - a +0 hunting sling
Missiles
 d - 5 boomerangs of dispersal
 e - 68 stones
 h - 3 atropa-tipped darts
 p - 7 poisoned darts (quivered)
 q - 25 sling bullets
 s - 9 bolts
 u - 23 arrows
Armour
 b - a +0 leather armour (worn)
Magical Staves
 t - a staff of poison
Scrolls
 c - a scroll of blinking
 f - a scroll of teleportation {unknown}
 k - a scroll of magic mapping {unknown}
 l - a scroll of vulnerability {unknown}
 o - 3 scrolls of identify {unknown}
Potions
 g - a potion of berserk rage {unknown}
 j - a potion of heal wounds {unknown}
 m - a potion of lignification {unknown}
 n - a potion of ambrosia {unknown}
 r - a potion of flight {unknown}


   Skills:
 + Level 4.6 Fighting
 + Level 1.2 Short Blades
 + Level 1.2 Long Blades
 + Level 1.2 Axes
 + Level 1.2 Maces & Flails
 + Level 4.6 Polearms
 + Level 1.2 Staves
 + Level 1.2 Slings
 + Level 1.2 Bows
 + Level 1.2 Crossbows
 + Level 2.8 Throwing
 + Level 2.8 Armour
 + Level 4.6 Dodging
 + Level 1.2 Stealth
 + Level 1.2 Shields
 + Level 1.2 Unarmed Combat
 + Level 5.1 Spellcasting
 + Level 1.0 Conjurations
 + Level 1.0 Hexes
 + Level 1.0 Summonings
 + Level 1.0 Necromancy
 + Level 5.5 Translocations
 + Level 1.0 Transmutations
 + Level 1.0 Fire Magic
 + Level 1.0 Ice Magic
 + Level 1.0 Air Magic
 + Level 1.0 Earth Magic
 + Level 1.0 Poison Magic
 + Level 1.3 Invocations
 + Level 1.2 Evocations


You had 13 spell levels left.
You didn't know any spells.
Your spell library contained the following spells:

 Spells                   Type           Power      Damage    Failure   Level
 Blink                    Tloc           32%        N/A       4%          2
 Gell's Gravitas          Tloc           16%        N/A       8%          3
 Lesser Beckoning         Tloc           16%        N/A       8%          3
 Teleport Other           Tloc           16%        N/A       8%          3
 Sandblast                Erth           10%        2d5       17%         1
 Passwall                 Tmut/Erth      4%         N/A       26%         2
 Ignite Poison            Fire/Tmut/Pois 5%         N/A       45%         3
 Mephitic Cloud           Conj/Pois/Air  5%         N/A       45%         3
 Stone Arrow              Conj/Erth      10%        3d7       45%         3
 Manifold Assault         Tloc           16%        N/A       58%         5
 Airstrike                Air            2%         N/A       86%         4
 Animate Armour           Summ/Erth      10%        N/A       86%         4
 Summon Lightning Spire   Summ/Air       5%         N/A       86%         4
 Freezing Cloud           Conj/Ice/Air   2%         6-21      99%         5
 Lightning Bolt           Conj/Air       2%         1d14      99%         5
 Lehudib's Crystal Spear  Conj/Erth      2%         10d2      100%        8


Dungeon Overview and Level Annotations

Branches:
Dungeon (4/15)
 Temple: D:4-7

Altars:
Ru
Uskayaw


Innate Abilities, Weirdness & Mutations

You have very sharp teeth.
Your uncanny sense of smell can sniff out nearby items.
Your experience applies equally to all skills.


Message History

You hit the orc.
The orc is lightly wounded.
You hit the orc priest but do no damage.
The orc barely misses you.
The orc priest hits you with a +0 flail.
You closely miss the orc priest. The orc hits you with a +0 morningstar.
You hit the orc priest.
The orc priest is moderately wounded.
The orc priest hits you with a +0 flail!
You completely miss the orc priest.
The orc priest is moderately wounded.
The orc hits you with a +0 morningstar.
* * * LOW HITPOINT WARNING * * *
The orc priest hits you but does no damage.
You hit the orc priest but do no damage.
The orc priest is moderately wounded.
The orc barely misses you. The orc priest closely misses you.
You hit the orc priest. You bite the orc priest.
The orc priest is moderately wounded.
The orc closely misses you. The orc priest misses you.
You hit the orc priest.
The orc priest is heavily wounded.
The orc closely misses you. The orc priest closely misses you.
You barely miss the orc priest.
The orc priest is heavily wounded.
The orc closely misses you.
The orc priest hits you with a +0 flail.
* * * LOW HITPOINT WARNING * * *
You hit the orc priest.
The orc priest is severely wounded.
The orc misses you.
The orc priest hits you with a +0 flail.
* * * LOW HITPOINT WARNING * * *
You barely miss the orc priest.
The orc priest is severely wounded.
The orc misses you.
You hit the orc priest.
The orc priest is almost dead.
The orc priest hits you with a +0 flail.
You die...

##...#.#.#.####...#
#......#.#.# ###.##
.....#.....# #...#
###.####.#####.#.###
.........# #...#...#
###.###### #.#####.#
###'## ##...#...#
##...## #....#...#
#.....## #.##.o@..#
.......## #.#.#o#..#
........###....>#..#
........'.......#..#
........###...)##..#
.......## #.#..##..#
#.....## #........#
##...## ####.#####
##+## #.#


You could see an orc priest and an orc.

Vanquished Creatures
  An adder (D:2)
  A worm (D:2)
  A dart slug (D:3)
  3 orcs (D:3)
  3 endoplasms
  2 giant cockroaches
  9 goblins
  11 hobgoblins
  4 jackals (D:3)
  3 kobolds
  3 quokkas
  6 ball pythons
  7 bats
  13 rats
67 creatures vanquished.

Notes
Turn   | Place    | Note
-------+----------+-------------------------------------------
     0 | D:1      | Ablot the Gnoll Warper began the quest for the Orb.
     0 | D:1      | Reached XP level 1. HP: 20/20 MP: 6/6
   249 | D:1      | Reached XP level 2. HP: 24/26 MP: 7/7
   403 | D:1      | Found a faded altar of an unknown god.
   538 | D:1      | Reached XP level 3. HP: 25/31 MP: 9/9
   542 | D:1      | Reached skill level 5 in Spellcasting
  1020 | D:2      | Reached skill level 1 in Invocations
  1294 | D:2      | Reached skill level 1 in Short Blades
  1294 | D:2      | Reached skill level 1 in Long Blades
  1294 | D:2      | Reached skill level 1 in Axes
  1294 | D:2      | Reached skill level 1 in Maces & Flails
  1294 | D:2      | Reached skill level 1 in Staves
  1294 | D:2      | Reached skill level 1 in Slings
  1294 | D:2      | Reached skill level 1 in Bows
  1294 | D:2      | Reached skill level 1 in Crossbows
  1294 | D:2      | Reached skill level 1 in Stealth
  1294 | D:2      | Reached skill level 1 in Shields
  1294 | D:2      | Reached skill level 1 in Unarmed Combat
  1294 | D:2      | Reached skill level 1 in Evocations
  1749 | D:2      | Found a sacrificial altar of Ru.
  1756 | D:2      | Reached XP level 4. HP: 31/38 MP: 11/11
  2458 | D:3      | Noticed a +0 falchion
  2458 | D:3      | Noticed a +0 falchion
  2458 | D:3      | Noticed a +0 dagger
  2464 | D:3      | Noticed a +0 dagger
  2469 | D:3      | Found a hide-covered altar of Uskayaw.
  2469 | D:3      | Noticed a +0 spear
  2469 | D:3      | Noticed a +0 spear
  2472 | D:3      | Noticed a +0 short sword
  2473 | D:3      | Noticed a +0 short sword
  2870 | D:3      | Reached skill level 1 in Conjurations
  2870 | D:3      | Reached skill level 1 in Hexes
  2870 | D:3      | Reached skill level 1 in Summonings
  2870 | D:3      | Reached skill level 1 in Necromancy
  2870 | D:3      | Reached skill level 1 in Transmutations
  2870 | D:3      | Reached skill level 1 in Fire Magic
  2870 | D:3      | Reached skill level 1 in Ice Magic
  2870 | D:3      | Reached skill level 1 in Air Magic
  2870 | D:3      | Reached skill level 1 in Earth Magic
  2870 | D:3      | Reached skill level 1 in Poison Magic
  3295 | D:3      | Slain by an orc priest

Illustrated notes

Levels and vault maps discovered:
D:1:      mrwooster_arrival_arrow, layout_basic,
          shapermc_ecumenical_altar_pompeii
D:2:      layout_rooms, basic_altar, minmay_3d_cube
D:3:      layout_loops_corners, nicolae_uskayaw_en_pointe, minmay_hedge_maze
D:4:      kennysheep_slugbush, layout_rooms, hangedman_feature_mirror,
          serial_bayou_crossing

Skill      XL: |  1  2  3  4 |
---------------+-------------+-----
Spellcasting   | 5 |  5.1
Invocations    | 1 |  1.3
Short Blades   | 1 |  1.2
Long Blades    | 1 |  1.2
Axes           | 1 |  1.2
Maces & Flails | 1 |  1.2
Staves         | 1 |  1.2
Slings         | 1 |  1.2
Bows           | 1 |  1.2
Crossbows      | 1 |  1.2
Stealth        | 1 |  1.2
Shields        | 1 |  1.2
Unarmed Combat | 1 |  1.2
Evocations     | 1 |  1.2
Conjurations   | 1 |  1.0
Hexes          | 1 |  1.0
Summonings     | 1 |  1.0
Necromancy     | 1 |  1.0
Transmutations | 1 |  1.0
Fire Magic     | 1 |  1.0
Ice Magic      | 1 |  1.0
Air Magic      | 1 |  1.0
Earth Magic    | 1 |  1.0
Poison Magic   | 1 |  1.0
Fighting       | |  4.6
Polearms       | |  4.6
Throwing       | |  2.8
Armour         | |  2.8
Dodging        | |  4.6
Translocations | |  5.5

Action                   |  1- 3 |  4- 6 || total
-------------------------+-------+-------++-------
Melee: Spear             |   153 |   103 ||   256
       Bite              |    11 |     6 ||    17
       Punch             |     1 |       ||     1
 Stab: Sleeping          |     2 |     1 ||     3
Armor: Leather armour    |    30 |    13 ||    43
Dodge: Dodged            |    85 |    41 ||   126
